 Dungeon Crawl Stone Soup version 0.22-a0-425-g89d60a1 (webtiles) character file.

53 Jynxie the Slasher (level 3, -1/28 HPs)
             Began as a Demonspawn Gladiator on May 25, 2018.
             Slain by an adder (3 damage)
             ... on level 2 of the Dungeon.
             The game lasted 00:01:32 (1000 turns).

Jynxie the Slasher (Demonspawn Gladiator)           Turns: 1000, Time: 00:01:33

Health: -1/28      AC:  4    Str: 14    XL:     3   Next: 62%
Magic:  3/3        EV: 12    Int:  9    God:
Gold:   78         SH:  0    Dex: 15    Spells: 2/2 levels left

rFire    . . .     SeeInvis .   a - +0 long sword
rCold    . . .     Gourm    .   (no shield)
rNeg     . . .     Faith    .   b - +0 leather armour
rPois    .         Spirit   .   c - +0 helmet
rElec    .         Reflect  .   (no cloak)
rCorr    .         Harm     .   (no gloves)
MR       .....                  (no boots)
Stlth    ..........             (no amulet)
HPRegen  0.09/turn              g - ring of loudness (curse)
MPRegen  0.08/turn              (no ring)

@: lethally poisoned (-1 -> -5)
A: powered by death 1
a: no special abilities


You were on level 2 of the Dungeon.
You were not hungry.

You visited 1 branch of the dungeon, and saw 2 of its levels.

You collected 78 gold pieces.

Inventory:

Hand Weapons
 a - a +0 long sword (weapon)
Missiles
 d - 3 throwing nets (quivered) {!f}
Armour
 b - a +0 leather armour (worn)
 c - a +0 helmet (worn)
 j - a +0 shield
   (You found it on level 1 of the Dungeon)
Jewellery
 g - a cursed ring of loudness (left hand)
   (You found it on level 1 of the Dungeon)
Scrolls
 f - a scroll of fog {unknown}
 i - a scroll of fear {unknown}
 k - a scroll of teleportation {unknown}
 m - 2 scrolls of identify {unknown}
 n - 5 scrolls of remove curse {unknown}
 o - a scroll of enchant armour {unknown}
 p - a scroll of random uselessness {unknown}
 q - a scroll of blinking {unknown}
Potions
 h - 3 potions of haste {unknown}
 r - a potion of berserk rage {unknown}
Comestibles
 e - 4 rations {!d}
 l - 15 chunks of flesh


   Skills:
 + Level 2.8 Fighting
 * Level 3.8 Long Blades
 - Level 1.7 Throwing
 - Level 2.6 Dodging


You had 2 spell levels left.
You didn't know any spells.
Your spell library was empty.

Dungeon Overview and Level Annotations

Branches:
Dungeon (2/15)

Altars:
Vehumet


Innate Abilities, Weirdness & Mutations

You regenerate a little health from kills.


Message History

An adder is nearby!
The adder hisses angrily.
The adder bites you.
You are poisoned.
The adder poisons you!
An adder is nearby!
You hit the adder but do no damage.
You feel sick. The adder bites you.
You barely miss the adder.
You feel sick. The adder bites you but does no damage. The adder misses you.
You closely miss the adder. The adder barely misses you.
You closely miss the adder.
You feel sick. The adder bites you. x2
You hit the adder but do no damage. The adder misses you.
You miss the adder.
You feel sick. The adder closely misses you.
You riposte.
You hit the adder. The adder bites you.
You hit the adder. The adder barely misses you.
You riposte.
You closely miss the adder. You closely miss the adder. The adder bites you.
* * * LOW HITPOINT WARNING * * *
You are more poisoned.
The adder poisons you! The adder closely misses you.
You riposte.
You closely miss the adder.
You are too injured to fight recklessly!
You are too injured to fight recklessly!
You are too injured to fight recklessly!
You are too injured to fight recklessly!
You closely miss the adder.
You feel sick. The adder bites you.
* * * LOW HITPOINT WARNING * * *
The adder barely misses you.
You hit the adder.
You feel sick. The adder misses you.
You riposte.
You closely miss the adder.
An adder comes into view.
The adder hisses angrily.
You hit the adder but do no damage.
You feel sick. The adder bites you.
* * * LOW HITPOINT WARNING * * *
The adder misses you.
You hit the adder.
You feel sick. The adder completely misses you.
You barely miss the adder. The adder bites you.
* * * LOW HITPOINT WARNING * * *
The adder misses you.
You barely miss the adder.
* * * LOW HITPOINT WARNING * * *
You feel sick. The adder misses you. The adder barely misses you.
The adder bites you.
* * * LOW HITPOINT WARNING * * *
You completely miss the adder. The adder misses you.
The adder closely misses you.
You riposte.
You closely miss the adder. The adder bites you.
* * * LOW HITPOINT WARNING * * *
The adder bites you.
You die...

......####................
......###.................
........##................
...)..........##..........
..รท.....#####.##..........
..........................
...........##.............
.........####..#.........
.........#.....S@S......
...........#......##.##.
..........##..........
.............>.........
........................
....(........$..........
........................
...)....................
.....<..>.......$....


You could see 2 adders.

Vanquished Creatures
  2 oozes (D:1)
  2 dart slugs (D:1)
  A leopard gecko (D:1)
  5 giant cockroaches
  6 goblins
  2 hobgoblins (D:1)
  10 jackals (D:2)
  A bat (D:1)
  A frilled lizard (D:2)
  3 rats (D:2)
33 creatures vanquished.

Notes
Turn   | Place    | Note
-------+----------+-------------------------------------------
     0 | D:1      | Jynxie the Demonspawn Gladiator began the quest for the Orb.
     0 | D:1      | Reached XP level 1. HP: 16/16 MP: 1/1
   225 | D:1      | Reached skill level 3 in Long Blades
   239 | D:1      | Gained mutation: You regenerate a little health from kills. [demonic ancestry]
   239 | D:1      | Reached XP level 2. HP: 18/22 MP: 2/2
   725 | D:1      | Reached XP level 3. HP: 28/28 MP: 3/3
   932 | D:2      | Found a radiant altar of Vehumet.
  1000 | D:2      | Slain by an adder

Vault maps used:
D:1:      lemuel_arrival_river_bridge
D:2:      vehumet_crystals, first_ration

Skill      XL: |  1 |
---------------+----+-----
Long Blades    | 3 |  3.8
Fighting       | |  2.8
Throwing       | |  1.7
Dodging        | |  2.6

Action                   || total
-------------------------++-------
Melee: Long sword        ||   108
  Eat: Chunk             ||     1
Armor: Leather armour    ||    40
Dodge: Dodged            ||   112
       Rpst.: Long sword ||    44

Table legend:
 A = Spawn XP
 B = Non-spawn XP
 C = Spawn XP percentage of total XP
 D = Spawn monster count
 E = Non-spawn monster count
 F = Spawn count percentage of total count
 G = Total turns spent on level
                    A         B        C        D         E        F      G
               +---------+---------+-------+---------+---------+-------+---------
         Total |       0 |      76 |   0.0 |       0 |      33 |   0.0 |  1000
               +---------+---------+-------+---------+---------+-------+---------
           D:1 |       0 |      46 |   0.0 |       0 |      16 |   0.0 |   845
           D:2 |       0 |      30 |   0.0 |       0 |      17 |   0.0 |   155
               +---------+---------+-------+---------+---------+-------+---------
